 Dungeon Crawl Stone Soup version 0.21.1-1-g345015f (webtiles) character file.

265 nightchill the Chopper (level 6, 56/56 HPs)
             Began as a Hill Orc Monk on June 19, 2018.
             Was a Priest of Kikubaaqudgha.
             Quit the game on level 4 of the Dungeon.
             The game lasted 00:11:29 (3689 turns).

nightchill the Chopper (Hill Orc Monk)              Turns: 3689, Time: 00:11:30

Health: 56/56      AC:  6    Str: 16    XL:     6   Next: 20%
Magic:  6/6        EV: 11    Int: 10    God:    Kikubaaqudgha [***...]
Gold:   100        SH:  0    Dex: 13    Spells: 5/5 levels left

rFire    . . .     SeeInvis .   u - +2 hand axe (drain)
rCold    . . .     Gourm    .   (no shield)
rNeg     . . .     Faith    .   q - +0 ring mail (curse)
rPois    .         Spirit   .   n - +0 helmet
rElec    .         Reflect  .   (no cloak)
rCorr    .         Harm     .   (no gloves)
MR       .....                  (no boots)
Stlth    +.........             (no amulet)
HPRegen  0.18/turn              (no ring)
MPRegen  0.10/turn              (no ring)

@: drained
A: no striking features
a: Receive Corpses, Renounce Religion


You were on level 4 of the Dungeon.
You worshipped Kikubaaqudgha.
Kikubaaqudgha was most pleased with you.
You were not hungry.

You visited 1 branch of the dungeon, and saw 4 of its levels.

You collected 100 gold pieces.

Inventory:

Hand Weapons
 a - a +0 hand axe
 u - a +2 hand axe of draining (weapon)
Missiles
 f - 85 stones (quivered)
Armour
 b - a +0 robe
 e - a +0 ring mail
 j - a +0 scale mail
 n - a +0 helmet (worn)
 q - a cursed +0 ring mail (worn)
Jewellery
 p - an uncursed ring of positive energy {unknown}
 r - an uncursed ring of magical power {unknown}
 x - a cursed amulet of inaccuracy {unknown}
Scrolls
 d - 2 scrolls of immolation {unknown}
 h - 4 scrolls of identify {unknown}
 i - 4 scrolls of remove curse {unknown}
 o - 3 scrolls of teleportation {unknown}
 v - a scroll of amnesia {unknown}
 w - a scroll of enchant armour {unknown}
Potions
 g - 5 potions of curing {unknown}
 l - 2 potions of mutation {unknown}
 s - a potion of heal wounds {unknown}
 t - a potion of lignification {unknown}
 z - a potion of magic {unknown}
Books
 m - Kikubaaqudgha's Tome of Black Rites
   (Kikubaaqudgha gifted it to you on level 2 of the Dungeon)

   Spells                             Type                      Level
   a - Animate Skeleton               Necromancy                   1
   b - Pain                           Necromancy                   1
   c - Sublimation of Blood           Necromancy                   2
   d - Regeneration                   Charms/Necromancy            3
 y - Kikubaaqudgha's Guide on Black Arts
   (Kikubaaqudgha gifted it to you on level 3 of the Dungeon)

   Spells                             Type                      Level
   a - Animate Dead                   Necromancy                   4
   b - Borgnjor's Vile Clutch         Necromancy/Earth             5
   c - Dispel Undead                  Necromancy                   5
   d - Simulacrum                     Ice/Necromancy               6
   e - Death Channel                  Necromancy                   6
Comestibles
 c - 12 rations
 k - a chunk of flesh


   Skills:
 + Level 5.3(4.9) Fighting
 * Level 7.1(6.8) Axes
 - Level 2.4(2.1) Dodging
 - Level 1.5(1.2) Stealth
 + Level 2.0(1.7) Necromancy


You had 5 spell levels left.
You didn't know any spells.

Dungeon Overview and Level Annotations

Branches:
Dungeon (4/15)
 Temple: D:4-7

Altars:
Dithmenos
Kikubaaqudgha
Sif Muna


Message History

You climb downwards.
There is a stone staircase leading up here.
A giant cockroach comes into view.
Found an inky potion.
The giant cockroach misses you.
You hit the giant cockroach.
The giant cockroach is severely wounded.
The giant cockroach bites you but does no damage.
You hit the giant cockroach.
You kill the giant cockroach!
Kikubaaqudgha accepts your kill.
You see here a giant cockroach corpse.
You butcher the giant cockroach corpse.
k - a chunk of flesh
g - 5 inky potions (gained 1)
Found a scroll labeled BUMICIRIEV.
h - 4 scrolls labeled BUMICIRIEV (gained 1)
You open the door.
There is an open door here.
Are you sure you want to abandon this character and quit the game? (Confirm with "yes".)

# ... ########...
#..........
#..........
########..........
.......@..........
......##..........
..... #..........
.... #..........
.## #..........
#..........
##....##### #....#
##. #....# ####...


There were no monsters in sight!

Vanquished Creatures
  Natasha (thrice) (D:3)
  The ghost of glosham the Shield-Bearer, a weakling GnFi (D:3)
  Robin (D:3)
  5 adders
  An ooze (D:1)
  2 worms
  A dart slug (D:1)
  3 leopard geckos
  9 orcs (D:3)
  3 giant cockroaches
  17 goblins
  8 hobgoblins
  4 jackals
  9 kobolds
  3 quokkas
  8 bats
  4 frilled lizards
  A leopard gecko skeleton (D:3)
  9 rats
92 creatures vanquished.

Notes
Turn   | Place    | Note
-------+----------+-------------------------------------------
     0 | D:1      | nightchill the Hill Orc Monk began the quest for the Orb.
     0 | D:1      | Reached XP level 1. HP: 19/19 MP: 1/1
   231 | D:1      | Reached XP level 2. HP: 24/27 MP: 2/2
   649 | D:1      | Reached skill level 5 in Axes
   667 | D:1      | Reached XP level 3. HP: 33/33 MP: 3/3
  1463 | D:2      | Found an ancient bone altar of Kikubaaqudgha.
  1598 | D:2      | Became a worshipper of Kikubaaqudgha
  1598 | D:2      | Reached * piety under Kikubaaqudgha
  1598 | D:2      | Identified Kikubaaqudgha's Tome of Black Rites (Kikubaaqudgha gifted it to you on level 2 of the Dungeon)
  1598 | D:2      | Received a gift from Kikubaaqudgha
  1598 | D:2      | Reached ** piety under Kikubaaqudgha
  1606 | D:2      | Reached XP level 4. HP: 31/41 MP: 4/4
  1935 | D:2      | Found a faded altar of an unknown god.
  2376 | D:3      | Reached skill level 6 in Axes
  2387 | D:3      | Found a deep blue altar of Sif Muna.
  2437 | D:3      | Noticed Robin
  2476 | D:3      | Killed Robin
  2476 | D:3      | Reached skill level 1 in Necromancy
  2476 | D:3      | Reached XP level 5. HP: 12/47 MP: 5/5
  2786 | D:3      | Found a shadowy altar of Dithmenos.
  2953 | D:3      | Noticed Natasha
  2961 | D:3      | Killed Natasha
  2961 | D:3      | Reached *** piety under Kikubaaqudgha
  2961 | D:3      | Identified Kikubaaqudgha's Guide on Black Arts (Kikubaaqudgha gifted it to you on level 3 of the Dungeon)
  2961 | D:3      | Received a gift from Kikubaaqudgha
  2961 | D:3      | Reached skill level 5 in Fighting
  3098 | D:3      | Noticed glosham's ghost (weakling GnFi)
  3103 | D:3      | Noticed Natasha
  3110 | D:3      | Killed Natasha
  3114 | D:3      | Killed glosham's ghost
  3114 | D:3      | Reached skill level 7 in Axes
  3114 | D:3      | Reached XP level 6. HP: 16/56 MP: 6/6
  3145 | D:3      | Noticed Natasha
  3154 | D:3      | Killed Natasha
  3689 | D:4      | Quit the game

Skill      XL: |  1  2  3  4  5  6 |
---------------+-------------------+-----
Fighting       | 4 5 |  5.3
Axes           | 5 6 7 |  7.1
Necromancy     | 1 2 |  2.0
Dodging        | |  2.4
Stealth        | |  1.5

Action                   |  1- 3 |  4- 6 || total
-------------------------+-------+-------++-------
Melee: Hand axe          |   118 |   208 ||   326
 Stab: Sleeping          |     1 |     2 ||     3
  Eat: Chunk             |     2 |     7 ||     9
Armor: Ring mail         |    36 |    68 ||   104
Dodge: Dodged            |    69 |   111 ||   180
